 Dungeon Crawl Stone Soup version 0.31.0-7-gf635a9b802 (webtiles) character file.

Game seed: 11402816393460614939

994 SnakkuSnakku7 the Basher (level 8, -3/56 HPs)
             Began as a Djinni Monk on Jan 24, 2024.
             Was a Believer of Makhleb.
             Slain by an ogre
             ... wielding a +0 giant spiked club
              (28 damage)
             ... on level 6 of the Dungeon.
             The game lasted 00:04:09 (3471 turns).

SnakkuSnakku7 the Basher (Djinni Monk)              Turns: 3471, Time: 00:04:09

Health: -3/56      AC:  7    Str: 12    XL:     8   Next: 42%
Gold:   384        EV: 11    Int: 13    God:    Makhleb [**....] SH:  0 Dex: 15

rFire   + + .        a - +0 whip (elec)
rCold   . . .        d - orb {light}
rNeg    . . .        m - +1 ring mail {rPois}
rPois   ∞            (no helmet)
rElec   .            G - +0 cloak
rCorr   .            (no gloves)
SInv    .            (boots unavailable)
Will    .....        (no amulet)
Stlth   +            e - ring of protection from fire
HPRegen 0.29/turn    i - ring of ice
MPRegen 0.00/turn

%: infuse magic (-4 HP)
@: flying, glowing
A: sickness immunity, fire resistance 2, cold vulnerability 1, float, innate
caster, HP casting, extra vitality 1
a: Renounce Religion, Minor Destruction


You were on level 6 of the Dungeon.
You worshipped Makhleb.
Makhleb was pleased with you.
You visited 1 branch of the dungeon, and saw 6 of its levels.

You collected 384 gold pieces.

Inventory:

Hand Weapons
 a - a +0 whip of electrocution (weapon)
 q - a +0 mace
 r - a +0 flail
Armour
 d - an orb of light (worn)
 l - a +0 buckler
 m - a +1 ring mail of poison resistance (worn)
 G - a +0 cloak (worn)
Jewellery
 e - a ring of protection from fire (left hand)
 i - a ring of ice (right hand)
 D - a +6 ring of intelligence
Scrolls
 h - 3 scrolls of revelation {unknown}
 j - 6 scrolls of identify {unknown}
 k - 2 scrolls of poison {unknown}
 o - a scroll of blinking {unknown}
 s - a scroll of fear {unknown}
 t - a scroll of enchant armour {unknown}
 y - a scroll of immolation {unknown}
 E - a scroll of noise {unknown}
 F - a scroll of teleportation {unknown}
Potions
 c - a potion of ambrosia
 n - 3 potions of curing {unknown}
 p - 3 potions of brilliance {unknown}
 u - a potion of mutation {unknown}
 v - a potion of cancellation {unknown}
 w - 2 potions of attraction {unknown}
 x - a potion of heal wounds {unknown}
 z - a potion of might {unknown}
 A - a potion of magic {unknown}
 B - a potion of lignification {unknown}
 C - a potion of enlightenment {unknown}


   Skills:
 - Level 3.0 Fighting
 + Level 8.1 Maces & Flails
 - Level 3.2 Dodging


You knew the following spells:

 Your Spells              Type           Power      Damage    Failure   Level
a - Magic Dart            Conj           0%         1d3       56%         1
b - Lesser Beckoning      Tloc           0%         N/A       71%         2
c - Teleport Other        Tloc           0%         N/A       91%         3
Your spell library was empty.

Dungeon Overview and Level Annotations

Branches:
Dungeon (6/15)
 Temple: D:4-7

Altars:
Makhleb
Okawaru
Uskayaw
The Shining One


Innate Abilities, Weirdness & Mutations

You are immune to sickness and miasma.
You are immune to poison.
Your flesh is very heat resistant. (rF++)
You are vulnerable to cold. (rC-)
You float through the air rather than walking.
You learn spells naturally, not from books.
Your magical power is your life essence.
You have superior vitality. (+4 MHP)


Message History

You feel better.
Things that are here:
a +0 dagger; a +0 leather armour HP restored.
Found a stone staircase leading down.
The adder bites the plant.
The plant begins to die.
The ice beast completely misses something.
The ice beast hits the plant.
The plant begins to die.
The ice beast freezes the plant!
An ogre comes into view. It is wielding a +0 giant spiked club.
The ogre shouts!
The ice beast hits the plant.
The plant begins to die.
The ice beast freezes the plant!
The ogre hits something with a +0 giant spiked club!
Something bites the plant.
The plant begins to die.
An ogre is nearby!
The ice beast hits the plant.
The ice beast freezes the plant!
The adder bites something.
Something hits the plant!!
The plant begins to die.
The ice beast hits the plant.
The plant begins to die.
The ice beast freezes the plant!
A nearby plant withers and dies.
The ogre hits the plant with a +0 giant spiked club!!
The plant begins to die.
A nearby plant withers and dies.
The ice beast hits you but does no damage.
You barely miss the ice beast.
A nearby plant withers and dies. x2
The ice beast hits you. The ice beast freezes you.
You barely miss the ice beast. The ice beast hits you.
The ice beast freezes you!
You hit the ice beast.
The ice beast is lightly wounded.
A nearby plant withers and dies.
You hit the ice beast.
The ice beast is moderately wounded.
A nearby plant withers and dies.
The ice beast hits you. The ice beast freezes you!
The ogre attacks as it pursues you!
The ogre hits you with a +0 giant spiked club!!
Ouch! That really hurt!
You die...

## #. .#
#.#####.# #
#$....#.# #
#.#~~..P#.#.#
.###..~P~PPP.#.#
....~~YO@~P...>#
.....P~~≈♣~..#.#
##.#~S♣♣♣≈~P~#.#
#.~.~ ♣♣~~~P#.#
#..~≈≈♣P♣♣~~~.#
#######
#PP≈≈~PPPP♣P..#
#.....<


#PP ♣PPSPP~♣~P# #.##### #.P♣~P.~#P~~PP## #.# ~~~~!.#PP~~~~# #.# You could see an
ice beast, an ogre and an adder.

Vanquished Creatures
  An ice beast (D:5)
  An orc warrior (D:6)
  A phantom (D:6)
  Blork the orc (D:5)
  2 bullfrogs (D:5)
  5 hounds (D:5)
  A bombardier beetle (D:5)
  A sleepcap (D:5)
  Crazy Yiuf (D:5)
  3 iguanas (D:5)
  2 orc wizards (D:6)
  3 gnolls (D:2)
  4 adders
  A shadow imp (D:5)
  2 ufetubi (D:5)
  A dart slug (D:2)
  4 ribbon worms
  8 orcs
  8 ball pythons
  8 bats
  9 endoplasms
  4 giant cockroaches
  4 goblins
  6 hobgoblins
  2 jackals (D:1)
  6 kobolds
  7 quokkas
  4 frilled lizards
  2 rats
102 creatures vanquished.

Notes
Turn   | Place    | Note
-------+----------+-------------------------------------------
     0 | D:1      | SnakkuSnakku7 the Djinni Monk began the quest for the Orb.
     0 | D:1      | Reached XP level 1. HP: 20/20 MP: 0/0
    94 | D:1      | Reached XP level 2. HP: 25/25 MP: 0/0
   175 | D:1      | Reached skill level 3 in Maces & Flails
   331 | D:1      | Reached XP level 3. HP: 30/30 MP: 0/0
   331 | D:1      | Learned a level 1 spell: Magic Dart
   479 | D:2      | Reached XP level 4. HP: 12/35 MP: 0/0
   605 | D:2      | Reached skill level 4 in Maces & Flails
   965 | D:2      | Reached XP level 5. HP: 31/40 MP: 0/0
   965 | D:2      | Learned a level 2 spell: Lesser Beckoning
  2058 | D:4      | Found a hide-covered altar of Uskayaw.
  2118 | D:4      | Found a burning altar of Makhleb.
  2153 | D:4      | Became a worshipper of Makhleb the Destroyer
  2153 | D:4      | Reached * piety under Makhleb
  2153 | D:4      | Reached ** piety under Makhleb
  2481 | D:5      | Entered Level 5 of the Dungeon
  2520 | D:5      | Reached skill level 5 in Maces & Flails
  2521 | D:5      | Reached XP level 6. HP: 43/46 MP: 0/0
  2563 | D:5      | Reached skill level 6 in Maces & Flails
  2565 | D:5      | Reached XP level 7. HP: 25/50 MP: 0/0
  2565 | D:5      | Learned a level 3 spell: Teleport Other
  2711 | D:5      | Found a runed translucent door.
  2712 | D:5      | Noticed Crazy Yiuf
  2832 | D:5      | Found an iron altar of Okawaru.
  2869 | D:5      | Noticed Blork the orc
  2874 | D:5      | Killed Blork the orc
  2916 | D:5      | Reached skill level 7 in Maces & Flails
  3046 | D:5      | Reached XP level 8. HP: 31/56 MP: 0/0
  3184 | D:5      | Found a glowing golden altar of the Shining One.
  3299 | D:5      | Killed Crazy Yiuf
  3390 | D:6      | Reached skill level 8 in Maces & Flails
  3471 | D:6      | Slain by an ogre

Illustrated notes

Levels and vault maps discovered:
D:1:      wander_arrival_fairy_ring, layout_rooms
D:2:      layout_loops_ring, minivault_25
D:3:      layout_basic
D:4:      layout_gridville, nicolae_uskayaw_dance_hall,
          overflow_temple_1_default
D:5:      layout_rooms, mainiacjoe_overflow_chevrons,
          mainiacjoe_overflow_six_doors_small, minmay_misc_feat_rugged,
          uniq_blork_the_orc, uniq_crazy_yiuf_cottage
D:6:      layout_basic, serial_bayou, serial_bayou_pond_a, serial_bayou_pond_c,
          serial_bayou_pond_d, serial_bayou_lagoon_a

Skill      XL: |  1  2  3  4  5  6  7  8 |
---------------+-------------------------+-----
Maces & Flails | 3 4 5 6 7 8 |  8.1
Fighting       | |  3.0
Dodging        | |  3.2

Action                     |  1- 3 |  4- 6 |  7- 9 || total
---------------------------+-------+-------+-------++-------
  Melee: Mace              |    73 |    41 |       ||   114
         Whip              |       |   137 |   124 ||   261
         Flail             |       |     6 |       ||     6
 Armour: Ring mail         |    20 |   137 |    87 ||   244
         Scale mail        |    27 |       |       ||    27
         Robe              |     2 |       |       ||     2
  Dodge: Dodged            |    41 |   109 |    69 ||   219
